 Dungeon Crawl Stone Soup version 0.30-a0-414-gcb316572d5 (webtiles) character file.

Game seed: 324692176106998702

12074 greasedhog the Tainter (level 11, -3/71 HPs)
             Began as a Gargoyle Venom Mage on Dec 7, 2022.
             Was a Priest of Vehumet.
             Slain by a cane toad (16 damage)
             ... on level 2 of the Lair of Beasts.
             The game lasted 00:28:18 (14954 turns).

greasedhog the Tainter (Gargoyle Venom Mage)       Turns: 14954, Time: 00:28:18

Health: -3/71      AC: 19    Str: 12    XL:     11   Next: 87%
Magic:  2/33       EV: 11    Int: 26    God:    Vehumet [***...]
Gold:   753        SH:  3    Dex: 10    Spells: 10/29 levels left

rFire   . . .      SeeInvis .    n - staff of poison
rCold   . . .      Faith    .    l - +0 buckler
rNeg    + . .      Spirit   .    r - +0 steam dragon scales
rPois   ∞          Reflect  .    A - +0 helmet
rElec   +          Harm     .    w - +0 cloak
rCorr   .          Rampage  .    e - +0 pair of gloves
Will    .....                    i - +0 pair of boots
Stlth   ++........               (no amulet)
HPRegen 0.31/turn                f - +6 ring of intelligence
MPRegen 0.23/turn                x - ring of magical power

@: radiating poison
A: sickness immunity, AC +8, negative energy resistance 1, electricity
resistance, torment resistance 1, petrification resistance
a: Renounce Religion


You were on level 2 of the Lair of Beasts.
You worshipped Vehumet.
Vehumet was most pleased with you.
You visited 3 branches of the dungeon, and saw 13 of its levels.

You collected 849 gold pieces.
You spent 96 gold pieces at shops.

Inventory:

Missiles
 s - 2 throwing nets
 y - 3 curare-tipped darts
Armour
 e - a +0 pair of gloves (worn)
 i - a +0 pair of boots (worn)
 l - a +0 buckler (worn)
 r - +0 steam dragon scales (worn)
 w - a +0 cloak (worn)
 A - a +0 helmet (worn)
Magical Staves
 n - a staff of poison (weapon)
Jewellery
 f - a +6 ring of intelligence (left hand)
 x - a ring of magical power (right hand)
 z - a ring of magical power
 I - a +4 ring of evasion
 L - a ring of ice
Wands
 t - a wand of paralysis (10)
 u - a wand of acid (5)
 D - a wand of mindburst (2)
 E - a wand of iceblast (8)
Scrolls
 a - 4 scrolls of enchant weapon
 g - 2 scrolls of teleportation
 o - 5 scrolls of fog
 p - 2 scrolls of summoning
 q - 2 scrolls of poison
 F - 2 scrolls of blinking
 G - a scroll of enchant armour
 H - 2 scrolls of magic mapping
 J - a scroll of fear
 K - a scroll of amnesia {unknown}
 M - a scroll of identify
Potions
 b - 3 potions of magic
 c - 2 potions of attraction
 d - 5 potions of lignification
 h - a potion of flight
 j - 2 potions of haste
 k - 7 potions of curing
 m - a potion of cancellation
 v - 3 potions of mutation
 B - a potion of invisibility {unknown}
 C - 2 potions of brilliance {unknown}


   Skills:
 * Level 9.1 Fighting
 + Level 5.3 Staves
 - Level 6.1 Armour
 - Level 1.5 Dodging
 - Level 2.1 Stealth
 * Level 9.7 Spellcasting
 + Level 2.0 Conjurations
 - Level 1.0 Transmutations
 * Level 10.7 Poison Magic


You had 10 spell levels left.
You knew the following spells:

 Your Spells              Type           Power      Damage    Failure   Level
a - Sting                 Tmut/Pois      100%       1d8       1%          1
b - Poisonous Vapours     Pois/Air       100%       N/A       1%          2
c - Mephitic Cloud        Conj/Pois/Air  51%        N/A       1%          3
d - Olgreb's Toxic Radia  Pois           80%        N/A       1%          4
e - Searing Ray           Conj           46%        2d6       1%          2
f - Ignite Poison         Fire/Tmut/Pois 49%        N/A       1%          3
g - Fulminant Prism       Conj/Hex       8%         3d7       11%         4

Your spell library contained the following spells:

 Spells                   Type           Power      Damage    Failure   Level
 Magic Dart               Conj           92%        1d7       1%          1
 Momentum Strike          Conj/Tloc      34%        3d8       1%          2
 Blink                    Tloc           24%        N/A       10%         2
 Lesser Beckoning         Tloc           24%        N/A       19%         3
 Portal Projectile        Hex/Tloc       24%        N/A       19%         3
 Tukima's Dance           Hex            12%        N/A       19%         3
 Blade Hands              Tmut           8%         N/A       75%         5


Dungeon Overview and Level Annotations

Branches:
Dungeon (10/15)            Temple (1/1) D:4            Lair (2/5) D:10
  Swamp: Lair:2-3    Shoals: Lair:2-3     Snake: Lair:2-3    Spider: Lair:2-3
    Orc: D:9-12

Altars:
Ashenzari
Cheibriados
Dithmenos
Elyvilon
Fedhas
Gozag
Hepliaklqana
Kikubaaqudgha
Makhleb
Nemelex Xobeh
Okawaru
Qazlal
Ru
Sif Muna
Trog
Uskayaw
Vehumet
Wu Jian
Xom
Yredelemnul
Zin
The Shining One

Shops:
D:8 *

Annotations:
D:4 1 runed translucent door, Crazy Yiuf
D:5 Grinder
D:8 3 runed translucent doors, freelancePsychic's ghost, novice NaBr


Innate Abilities, Weirdness & Mutations

You are immune to sickness and miasma.
Your stone body is resilient. (AC +8)
You are immune to poison.
You resist negative energy. (rN+)
You are resistant to electric shocks. (rElec)
You are resistant to unholy torment.
You are immune to petrification.


Message History

You feel a surge of power!
Your toxic radiance grows in intensity.
The cane toad stings you but does no damage.
Unknown command.
Casting: Olgreb's Toxic Radiance (safe; 1% risk of failure)
Confirm with . or Enter, or press ? or * to list all spells.
You feel a surge of power!
You ignite the poison in your surroundings!
The catoblepas seems to burn from within!
The catoblepas is almost dead.
You kill the catoblepas!
Vehumet accepts your kill.
Your Conjurations skill increases to level 2!
Casting: Ignite Poison (safe; 1% risk of failure)
Confirm with . or Enter, or press ? or * to list all spells.
Aiming: Searing Ray (safe; 1% risk of failure)
Press: ? - help, Shift-Dir - straight line The searing ray hits the cane toad.
The cane toad is moderately wounded. (Press . to maintain the ray.)
The cane toad stings you!
The searing ray hits the cane toad!
The cane toad is heavily wounded.
The cane toad stings you!
The searing ray misses the cane toad.
The cane toad stings you.
Aiming: Corrosive Bolt
Press: ? - help, Shift-Dir - straight line The bolt of acid hits the cane toad!
The cane toad is almost dead.
The cane toad misses you.
The cane toad stings you but does no damage.
Unknown command.
You hit the cane toad but do no damage.
You envenom the cane toad.
The cane toad is poisoned.
The cane toad is almost dead.
The cane toad stings you!
* * * LOW HITPOINT WARNING * * *
You hit the cane toad but do no damage.
The cane toad is almost dead.
The cane toad stings you!
You die...

## ####.### .# .......
.. ..... .P
#....###...###.... #.#
#...##.#..#.#.....
#...##...........##....
#....F@..##..>...##....
#...##............#....
#.. #....#......##....
# ..##...........##....
.........#......##....
........#.####..##....
.........##.####..#....
.......................
.......................


You could see a cane toad (poisoned).

Vanquished Creatures
  A catoblepas (Lair:2)
  A centaur warrior (D:10)
  2 two-headed ogres (D:10)
  A deep elf pyromancer (D:9)
  Maurice (D:8)
  A cane toad (Lair:1)
  4 komodo dragons
  Psyche (D:8)
  A polar bear (Lair:2)
  A wraith (D:10)
  A shadow (D:10)
  4 wyverns
  10 yaks
  A basilisk (D:10)
  3 steam dragons
  8 water moccasins
  2 orc warriors
  An ice beast (D:8)
  A swamp drake (D:10)
  4 centaurs
  5 wolves (Lair:1)
  A phantom (D:6)
  5 kobold brigands
  3 bullfrogs
  2 gnoll sergeants (D:7)
  2 necrophages
  A wyvern zombie (D:7)
  8 scorpions
  A water moccasin zombie (D:7)
  7 hounds
  3 jellies (D:6)
  6 orc priests
  4 iguanas
  8 orc wizards
  3 killer bee zombies (D:7)
  3 howler monkey zombies (D:7)
  8 gnolls
  3 adders
  2 white imps
  An ufetubus (D:6)
  3 worms
  A dart slug (D:4)
  27 orcs
  8 endoplasms
  3 giant cockroaches
  5 hobgoblins
  26 kobolds
  2 quokkas
  3 ball pythons
  6 bats
  A frilled lizard (D:1)
  9 goblins
  7 rats
226 creatures vanquished.

Vanquished Creatures (others)
  A fulminant prism (Lair:2)
  11 fungi
  5 plants
17 creatures vanquished.

Grand Total: 243 creatures vanquished

Notes
Turn   | Place    | Note
-------+----------+-------------------------------------------
     0 | D:1      | greasedhog the Gargoyle Venom Mage began the quest for the
                  | Orb.
     0 | D:1      | Reached XP level 1. HP: 10/10 MP: 3/3
   123 | D:1      | Reached skill level 1 in Transmutations
   174 | D:1      | Reached XP level 2. HP: 13/16 MP: 0/5
   187 | D:1      | Learned a level 2 spell: Poisonous Vapours
   699 | D:1      | Reached skill level 1 in Fighting
  1492 | D:2      | Reached XP level 3. HP: 17/20 MP: 2/6
  2405 | D:3      | Reached XP level 4. HP: 24/26 MP: 1/8
  2519 | D:3      | Learned a level 3 spell: Mephitic Cloud
  2624 | D:3      | Found a shimmering altar of Xom.
  3264 | D:4      | Noticed a scorpion
  3272 | D:4      | Killed a scorpion
  3273 | D:4      | Reached skill level 4 in Poison Magic
  3273 | D:4      | Reached XP level 5. HP: 12/31 MP: 9/9
  3621 | D:4      | Found a staircase to the Ecumenical Temple.
  3648 | Temple   | Entered the Ecumenical Temple
  3688 | D:4      | Reached XP level 6. HP: 37/37 MP: 11/11
  3901 | D:4      | Found a runed translucent door.
  3902 | D:4      | Noticed Crazy Yiuf
  4373 | D:5      | Entered Level 5 of the Dungeon
  4408 | D:5      | Noticed Grinder
  4540 | D:5      | Found an ornate altar of the Wu Jian Council.
  5199 | D:5      | Reached skill level 5 in Poison Magic
  5199 | D:5      | Reached XP level 7. HP: 43/43 MP: 13/13
  5760 | D:5      | Noticed a steam dragon
  5772 | D:5      | Killed a steam dragon
  5773 | D:5      | Reached skill level 5 in Fighting
  5960 | D:5      | Learned a level 4 spell: Olgreb's Toxic Radiance
  5963 | D:5      | Learned a level 2 spell: Searing Ray
  6031 | D:6      | Found a shadowy altar of Dithmenos.
  6066 | D:6      | Found an ancient bone altar of Kikubaaqudgha.
  6069 | D:6      | Reached skill level 5 in Spellcasting
  6069 | D:6      | Reached XP level 8. HP: 44/49 MP: 13/15
  6100 | D:6      | Reached skill level 1 in Armour
  6100 | D:6      | Reached skill level 6 in Poison Magic
  6279 | D:6      | Found a radiant altar of Vehumet.
  6296 | D:6      | Became a worshipper of Vehumet
  6962 | D:6      | Found a broken altar of Ashenzari.
  8176 | D:6      | Reached skill level 7 in Poison Magic
  8176 | D:6      | Reached XP level 9. HP: 52/54 MP: 10/18
  9196 | D:7      | Reached skill level 5 in Armour
  9197 | D:7      | Reached skill level 1 in Staves
  9371 | D:7      | Found a glowing silver altar of Zin.
  9584 | D:7      | Reached * piety under Vehumet
  9584 | D:7      | Offered knowledge of Foxfire by Vehumet.
  9725 | D:7      | You fall into a shaft and drop 1 floor!
  9896 | D:8      | Found a runed translucent gate.
  9896 | D:8      | Found a runed translucent gate.
  9896 | D:8      | Found a runed translucent gate.
  9900 | D:8      | Noticed a spectral unseen horror
  9902 | D:8      | Noticed freelancePsychic's ghost (novice NaBr)
  9922 | D:8      | Found Etryor's Changing Room.
  9938 | D:8      | Found a glowing golden altar of the Shining One.
 10112 | D:8      | Bought a potion of mutation for 96 gold pieces
 10160 | D:8      | Noticed Maurice
 10181 | D:8      | Killed Maurice
 10182 | D:8      | Reached skill level 8 in Poison Magic
 10435 | D:7      | Found a basalt altar of Yredelemnul.
 10590 | D:7      | Found a sparkling altar of Nemelex Xobeh.
 10591 | D:7      | Found a burning altar of Makhleb.
 10811 | D:8      | Noticed Psyche
 10816 | D:8      | Killed Psyche
 10817 | D:8      | Reached XP level 10. HP: 57/59 MP: 15/21
 11050 | D:8      | Offered knowledge of Scorch by Vehumet.
 11052 | D:8      | Reached ** piety under Vehumet
 11528 | D:9      | Noticed a deep elf pyromancer
 11537 | D:9      | Killed a deep elf pyromancer
 11973 | D:10     | Entered Level 10 of the Dungeon
 12031 | D:10     | Noticed a centaur warrior
 12046 | D:10     | Killed a centaur warrior
 12047 | D:10     | Reached skill level 9 in Poison Magic
 12195 | D:10     | Found a stormy altar of Qazlal.
 12245 | D:10     | Noticed a two-headed ogre
 12277 | D:10     | Killed a two-headed ogre
 12753 | D:10     | Noticed a two-headed ogre
 12795 | D:10     | Killed a two-headed ogre
 12796 | D:10     | Reached XP level 11. HP: 63/67 MP: 23/23
 13032 | D:10     | Found a staircase to the Lair.
 13289 | D:10     | Reached skill level 10 in Poison Magic
 13679 | Lair:1   | Entered Level 1 of the Lair of Beasts
 13810 | Lair:1   | Offered knowledge of Ignite Poison by Vehumet.
 13990 | Lair:1   | Learned a level 3 spell: Ignite Poison
 13995 | Lair:1   | Learned a level 4 spell: Fulminant Prism
 14117 | Lair:1   | Reached skill level 5 in Staves
 14563 | Lair:1   | Reached skill level 1 in Conjurations
 14688 | Lair:2   | Reached *** piety under Vehumet
 14940 | Lair:2   | Noticed a catoblepas
 14948 | Lair:2   | Killed a catoblepas
 14954 | Lair:2   | Slain by a cane toad

Illustrated notes

Levels and vault maps discovered:
D:1:      lemuel_arrival_muddy, layout_basic
D:2:      layout_loops_corners, minmay_joined_circles
D:3:      layout_basic, xom_teletrap_fun
D:4:      layout_loops_corners, minmay_temple_entry_junction,
          uniq_crazy_yiuf_cottage
D:5:      layout_loops_ring, nicolae_wu_jian_immortal_techniques, hex_tiny,
          uniq_grinder
D:6:      layout_layer_cave, mainiacjoe_overflow_concentric_impassable,
          nicolae_vehumet_radiance, nicolae_kikubaaqudgha_miasma_corner,
          nicolae_ashenzari_skybound, chequers_serial_rivers_micro_c
D:7:      layout_loops_ring, nicolae_yredelemnul_corpse_copse,
          amethyst_overflow_temple_binary, mainiacjoe_overflow_24_doors,
          st_stairs_10
D:8:      layout_loops_ring, overflow_temple_1_default,
          gammafunk_ghost_necromancy, nicolae_transmutations_shop, uniq_psyche,
          uniq_maurice
D:9:      layout_cave_pools
D:10:     kennysheep_steamy, layout_stronghold,
          nicolae_qazlal_general_emergency, erik_lair_dragon
Temple:   hellmonk_temple_micro_hex
Lair:1:   layout_concentric_octagons, infiniplex_staircase_pool_2
Lair:2:   layout_regular_city, nicolae_spider_entry_non_spiders,
          ebering_ghost_inner_flame

Skill      XL: |  1  2  3  4  5  6  7  8  9 10 11 |
---------------+----------------------------------+-----
Transmutations | 1 |  1.0
Fighting       | 1 2 3 4 5 7 9 |  9.1
Spellcasting   | 3 4 5 6 7 8 9 |  9.7
Poison Magic   | 4 5 7 8 9 10 | 10.7
Armour         | 4 6 |  6.1
Staves         | 2 4 5 |  5.3
Conjurations   | 2 |  2.0
Dodging        | |  1.5
Stealth        | |  2.1

Action                   |  1- 3 |  4- 6 |  7- 9 | 10-12 || total
-------------------------+-------+-------+-------+-------++-------
Melee: Unarmed           |     8 |       |       |       ||     8
       Dagger            |    10 |       |       |       ||    10
       Staff             |    47 |    10 |   190 |   148 ||   395
       Punch             |     1 |     2 |     5 |       ||     8
       Rapier            |       |    91 |    97 |       ||   188
 Cast: Sting             |    84 |    22 |    11 |       ||   117
       Mephitic Cloud    |       |     2 |     8 |     6 ||    16
       Poisonous Vapours |       |       |    44 |    48 ||    92
       Searing Ray       |       |       |    23 |    26 ||    49
       Olgreb's Toxic Ra |       |       |    13 |    34 ||    47
       Ignite Poison     |       |       |       |    10 ||    10
       Fulminant Prism   |       |       |       |     1 ||     1
Evoke: Wand              |       |       |       |     5 ||     5
  Use: Scroll            |     8 |     2 |     6 |     2 ||    18
       Potion            |       |       |     1 |       ||     1
 Stab: Sleeping          |       |     2 |     1 |       ||     3
       Confused          |       |       |     2 |     2 ||     4
Armor: Robe              |    47 |    47 |    93 |       ||   187
       Steam dragon scal |       |       |   133 |   152 ||   285
       Skin              |       |       |    12 |       ||    12
Dodge: Dodged            |    67 |    67 |   210 |   143 ||   487
Block: Buckler           |       |       |     8 |    24 ||    32

Table legend: (Time is in decaauts)
 A = Elapsed time spent in this place.
 B = Non-inter-level travel time spent in this place.
 C = Inter-level travel time spent in this place.
 D = Time resting spent in this place.
 E = Time spent auto-exploring this place.
 F = Levels seen in this place.
 G = Mean time per level.
                   A        B        C        D        E       F      G
               +--------+--------+--------+--------+--------+-----+--------+
         Total |  15061 |  14325 |    736 |   2543 |   9461 |  13 | 1158.5 |
       Dungeon |  13778 |  13059 |    719 |   2170 |   8793 |  10 | 1377.8 |
        Temple |      1 |      1 |      0 |      0 |      0 |   1 |    1.0 |
          Lair |   1281 |   1264 |     17 |    373 |    668 |   2 |  640.5 |
               +--------+--------+--------+--------+--------+-----+--------+

Top non-repeatable levels by time:
     D:6: 2689 daAuts
    D:10: 1710 daAuts
     D:7: 1443 daAuts
     D:4: 1414 daAuts
     D:8: 1397 daAuts
     D:5: 1396 daAuts
     D:2: 1355 daAuts
     D:1: 1110 daAuts
  Lair:1: 1087 daAuts
     D:3: 779 daAuts
     D:9: 482 daAuts
  Lair:2: 193 daAuts
  Temple: 1 daAuts
